 Dungeon Crawl Stone Soup version 0.18.1-5-g4a78601 (webtiles) character file.

105 Gingerlord the Skirmisher (level 5, 0/42 HPs)
             Began as a Formicid Abyssal Knight on May 11, 2016.
             Was a Follower of Lugonu.
             Slain by a gnoll
             ... wielding a +0 whip
              (8 damage)
             ... on level 2 of the Dungeon.
             The game lasted 00:02:32 (1873 turns).

Gingerlord the Skirmisher (Formicid Abyssal Knight) Turns: 1873, Time: 00:02:33

Health: 0/42       AC:  6    Str: 17    XL:     5   Next: 9%
Magic:  7/7        EV: 10    Int: 11    God:    Lugonu [*.....]
Gold:   138        SH:  0    Dex: 11    Spells: 0 memorised, 4 levels left

rFire  . . .     SeeInvis +     a - +1 falchion
rCold  . . .     Gourm    .     e - +0 scale mail
rNeg   . . .     Faith    .     (no shield)
rPois  .         Spirit   .     (helmet unavailable)
rElec  .         Dismiss  .     (no cloak)
rCorr  .         Reflect  .     (no gloves)
SustAt .         Harm     .     (no boots)
MR     .....                    (no amulet)
Stlth  ..........               (no ring)
                                (no ring)

@: not resistant to hostile enchantments, extremely unstealthy
A: permanent stasis, dig shafts and tunnels, four strong arms, antennae 3
a: Dig, Shaft Self, Depart the Abyss, Renounce Religion


You were on level 2 of the Dungeon.
You worshipped Lugonu.
Lugonu was aware of your devotion.
You were very hungry.

You visited 1 branch of the dungeon, and saw 2 of its levels.
You visited the Abyss 1 time.

You collected 138 gold pieces.

Inventory:

Hand Weapons
 a - a +1 falchion (weapon)
Armour
 e - a +0 scale mail (worn)
Jewellery
 k - an uncursed amulet of rage {unknown}
Scrolls
 b - a scroll of recharging {unknown}
 d - 3 scrolls of teleportation {unknown}
 j - a scroll of blinking {unknown}
 l - a scroll of identify {unknown}
Potions
 f - a potion of cancellation {unknown}
 g - 2 potions of curing
 h - a potion of magic {unknown}
Comestibles
 c - 2 bread rations
 i - a beef jerky
 n - a royal jelly
 o - 8 fruits


   Skills:
 + Level 3.8 Fighting
 + Level 3.0 Long Blades
 + Level 3.0 Armour
 + Level 1.4 Dodging
 + Level 3.5 Invocations


You had 4 spell levels left.
You didn't know any spells.

Dungeon Overview and Level Annotations

Branches:
Dungeon (2/15)

Altars:
Cheibriados
Nemelex Xobeh
Okawaru
Pakellas
The Shining One


Innate Abilities, Weirdness & Mutations

You are under a permanent stasis effect.
You can dig through walls and to a lower floor.
Your four strong arms can wield two-handed weapons with a shield.
You have a pair of large antennae on your head (SInv).


Message History

Unknown command.
You hit the gnoll.
You kill the gnoll!
Lugonu accepts your kill.
Your Long Blades skill increases to level 3!
Your Armour skill increases to level 3!
You have reached level 5!
The gnoll closely misses you.
You closely miss the gnoll. The gnoll hits you with a whip.
* * * LOW HITPOINT WARNING * * *
You barely miss the gnoll. The gnoll hits you with a whip.
* * * LOW HITPOINT WARNING * * *
Unknown command.
You closely miss the gnoll. The gnoll barely misses you.
Your scale mail prevents you from hitting the gnoll.
The gnoll hits you but does no damage.
You hit the gnoll.
The gnoll is heavily wounded.
The gnoll hits you but does no damage. The gnoll hits you with a whip!
You die...

#)........'.≈≈≈≈.##
#.........#......## #
#.........########.
#.###.........###......
#>.....................
#......................
###......########......
......##._.# #######
#..... #@..#
#......).g....#
#.#...........#
#.'...........#
##...........###########
#...........#..........
#############..........
#.......... #..........


You could see a gnoll.

Vanquished Creatures
  3 gnolls (D:2)
  4 adders (D:2)
  An ooze (D:2)
  A giant gecko (D:2)
  4 giant cockroaches
  3 goblins
  A hobgoblin (D:2)
  5 jackals (D:2)
  4 kobolds (D:2)
  A ball python (D:2)
  4 bats
  A giant newt (D:1)
  6 rats
38 creatures vanquished.

Notes
Turn   | Place    | Note
--------------------------------------------------------------
     0 | Abyss:1  | Gingerlord the Formicid Abyssal Knight began the quest for the Orb.
     0 | Abyss:1  | Reached XP level 1. HP: 18/18 MP: 2/2
    54 | Abyss:1  | Noticed a neqoxec
    55 | Abyss:1  | Noticed an iron imp
    56 | D:1      | Escaped the Abyss
   427 | D:1      | Reached skill level 1 in Dodging
   499 | D:1      | Reached * piety under Lugonu
   540 | D:1      | Reached XP level 2. HP: 24/24 MP: 3/3
   859 | D:2      | Reached XP level 3. HP: 6/30 MP: 3/5
   874 | D:2      | Found a glowing golden altar of the Shining One.
   875 | D:2      | Found an iron altar of Okawaru.
   900 | D:2      | Found a sparkling altar of Nemelex Xobeh.
  1041 | D:2      | Reached XP level 4. HP: 37/37 MP: 6/6
  1270 | D:2      | Found an oddly glowing altar of Pakellas.
  1411 | D:2      | Found a snail-covered altar of Cheibriados.
  1868 | D:2      | Reached XP level 5. HP: 12/42 MP: 7/7
  1873 | D:2      | Slain by a gnoll

Skill      XL: |  1  2  3  4 |
---------------+-------------+-----
Dodging        | 1 |  1.4
Invocations    | 3 |  3.5
Long Blades    | 3 |  3.0
Armour         | 3 |  3.0
Fighting       | |  3.8

Action                   |  1- 3 |  4- 6 || total
-------------------------+-------+-------++-------
Melee: Falchion          |    90 |    68 ||   158
Invok: Depart the Abyss  |     1 |       ||     1
  Use: Potion            |     1 |       ||     1
  Eat: Chunk             |       |     2 ||     2
Armor: Scale mail        |    69 |    26 ||    95
Dodge: Dodged            |    69 |    32 ||   101
